 Dungeon Crawl Stone Soup version 0.25.0-10-g039870ee82 (webtiles) character file.

Game seed: 14782707735641611636

51 Delamore the Chopper (level 3, 0/31 HPs)
             Began as a Hill Orc Monk on June 22, 2020.
             Slain by a centaur (5 damage)
             ... on level 3 of the Dungeon.
             The game lasted 00:01:50 (2286 turns).

Delamore the Chopper (Hill Orc Monk)                Turns: 2286, Time: 00:01:51

Health: 0/31       AC:  5    Str: 14    XL:     3   Next: 81%
Magic:  3/3        EV: 10    Int: 10    God:
Gold:   126        SH:  3    Dex: 13    Spells: 2/2 levels left

rFire    . . .     SeeInvis +   a - +0 hand axe
rCold    . . .     Gourm    .   e - +0 buckler
rNeg     . . .     Faith    .   m - +0 ring mail (curse)
rPois    .         Spirit   .   (no helmet)
rElec    .         Reflect  .   (no cloak)
rCorr    .         Harm     .   (no gloves)
MR       .....                  (no boots)
Stlth    +.........             (no amulet)
HPRegen  0.10/turn              o - ring of see invisible
MPRegen  0.08/turn              (no ring)

@: no status effects
A: no striking features
a: no special abilities


You were on level 3 of the Dungeon.
You were not hungry.

You visited 1 branch of the dungeon, and saw 3 of its levels.

You collected 126 gold pieces.

Inventory:

Hand Weapons
 a - a +0 hand axe (weapon)
Missiles
 g - 8 javelins (quivered)
 n - 16 poisoned darts
Armour
 b - a +0 robe
 e - a +0 buckler (worn)
 m - a cursed +0 ring mail (worn)
Jewellery
 o - a ring of see invisible (left hand)
Scrolls
 h - a scroll of teleportation {unknown}
 i - 4 scrolls of identify {unknown}
 j - 2 scrolls of remove curse {unknown}
 p - 2 scrolls of amnesia {unknown}
 q - 2 scrolls of blinking {unknown}
Potions
 d - a potion of cancellation {unknown}
 f - a potion of lignification {unknown}
 k - 2 potions of degeneration {unknown}
 l - a potion of flight {unknown}
 s - a potion of might {unknown}
 t - a potion of curing {unknown}
Comestibles
 c - 4 rations
 r - a chunk of flesh


   Skills:
 - Level 3.6 Fighting
 + Level 6.1 Axes
 - Level 2.4 Dodging
 - Level 1.5 Stealth


You had 2 spell levels left.
You didn't know any spells.
Your spell library was empty.

Dungeon Overview and Level Annotations

Branches:
Dungeon (3/15)

Altars:


Message History

The centaur hits you.
You hit the centaur but do no damage. The centaur hits you.
You are too injured to fight recklessly!
You are too injured to fight recklessly!
You are too injured to fight recklessly!
You are too injured to fight recklessly!
You are too injured to fight recklessly!
You are too injured to fight recklessly!
You are too injured to fight recklessly!
You are too injured to fight recklessly!
You are too injured to fight recklessly!
You are too injured to fight recklessly!
You are too injured to fight recklessly!
You are too injured to fight recklessly!
You are too injured to fight recklessly!
You are too injured to fight recklessly!
You hit the centaur but do no damage. The centaur hits you.
* * * LOW HITPOINT WARNING * * *
The centaur hits you.
You die...

..... # #...##
....
####....###.#
####...........##
.......<.).......
#..........#....
. ###.....>#.#
#.# .....
#..#####.###c#
.#... ##.
#..##@####..... #
##.##.(........
#.###.........
#...#.........
###.#.........
#.#.........
#...########
#..## #...#


You could see a centaur.

Vanquished Creatures
  An adder (D:2)
  An ooze (D:1)
  A dart slug (D:2)
  4 goblins
  6 hobgoblins
  4 jackals (D:1)
  3 kobolds
  A quokka (D:2)
  A ball python (D:2)
  7 bats
  A frilled lizard (D:1)
  6 rats
36 creatures vanquished.

Notes
Turn   | Place    | Note
-------+----------+-------------------------------------------
     0 | D:1      | Delamore the Hill Orc Monk began the quest for the Orb.
     0 | D:1      | Reached XP level 1. HP: 19/19 MP: 1/1
   460 | D:1      | Reached XP level 2. HP: 20/26 MP: 2/2
   818 | D:1      | Reached skill level 5 in Axes
  1650 | D:2      | Reached XP level 3. HP: 28/31 MP: 3/3
  1946 | D:2      | Reached skill level 6 in Axes
  2281 | D:3      | Noticed a centaur
  2286 | D:3      | Slain by a centaur

Illustrated notes

Levels and vault maps discovered:
D:1:      heliophobic_arrival_glass_houses, layout_loops_corners
D:2:      layout_rooms, serial_glass, glass_columns_b, glass_columns_a,
          glass_columns_c, roderic_cross_of_infinity
D:3:      layout_rooms, minmay_overflow_temple_hex, uniq_robin

Skill      XL: |  1  2  3 |
---------------+----------+-----
Axes           | 5 6 |  6.1
Fighting       | |  3.6
Dodging        | |  2.4
Stealth        | |  1.5

Action                   || total
-------------------------++-------
Melee: Hand axe          ||   122
 Stab: Sleeping          ||     1
  Eat: Chunk             ||     4
Armor: Robe              ||     9
       Ring mail         ||    20
Dodge: Dodged            ||    77
Block: Buckler           ||    13
